 Dungeon Crawl Stone Soup version 0.25.1-8-g42b30a86e7 (webtiles) character file.

Game seed: 5325420044446505473

45 pokeman the Magician (level 3, -1/20 HPs)
             Began as a Deep Elf Wizard on Dec 3, 2020.
             Slain by a jackal (3 damage)
             ... on level 1 of the Dungeon.
             The game lasted 00:02:18 (1194 turns).

pokeman the Magician (Deep Elf Wizard)              Turns: 1194, Time: 00:02:18

Health: -1/20      AC:  3    Str:  4    XL:     3   Next: 42%
Magic:  1/11       EV: 11    Int: 23    God:
Gold:   24         SH:  0    Dex: 13    Spells: 1/12 levels left

rFire    . . .     SeeInvis .   j - +0 spear
rCold    . . .     Gourm    .   (no shield)
rNeg     . . .     Faith    .   m - +0 leather armour
rPois    .         Spirit   .   b - +0 hat
rElec    .         Reflect  .   (no cloak)
rCorr    .         Harm     .   (no gloves)
MR       .....                  (no boots)
Stlth    ++........             (no amulet)
HPRegen  0.06/turn              (no ring)
MPRegen  0.12/turn              (no ring)

@: very slightly contaminated
A: no striking features
a: no special abilities


You were on level 1 of the Dungeon.
You were not hungry.

You visited 1 branch of the dungeon, and saw 1 of its levels.

You collected 24 gold pieces.

Inventory:

Hand Weapons
 j - a +0 spear (weapon)
Armour
 b - a +0 hat (worn)
 m - a +0 leather armour (worn)
Jewellery
 g - an uncursed ring of ice
Scrolls
 e - a scroll of remove curse {unknown}
 h - a scroll of magic mapping {unknown}
 i - 3 scrolls of identify {unknown}
 k - a scroll of amnesia {unknown}
Potions
 c - a potion of might {unknown}
 f - 2 potions of lignification {unknown}
Comestibles
 d - a ration
 l - 2 chunks of flesh


   Skills:
 + Level 0.9 Fighting
 + Level 0.9 Armour
 - Level 2.4 Dodging
 - Level 2.4 Stealth
 * Level 5.2 Spellcasting
 + Level 1.9 Conjurations
 - Level 1.1 Summonings
 - Level 1.1 Translocations


You had one spell level left.
You knew the following spells:

 Your Spells              Type           Power        Failure   Level  Hunger
a - Magic Dart            Conj           ##..         7%          1    None
b - Mephitic Cloud        Conj/Pois/Air  #.......     36%         3    ##.....
c - Call Imp              Summ           ##......     16%         2    None
d - Blink                 Tloc           N/A          16%         2    None
e - Conjure Flame         Conj/Fire      ##......     32%         3    ##.....

Your spell library contained the following spells:

 Spells                   Type           Power        Failure   Level  Hunger
 Slow                     Hex            #.......     24%         2    None


Dungeon Overview and Level Annotations

Branches:
Dungeon (1/15)

Altars:


Message History

Press: ? - help, Shift-Dir - straight line, f/p - giant cockroach
Aim: a giant cockroach (heavily wounded)
The magic dart hits the giant cockroach.
You kill the giant cockroach!
The giant cockroach barely misses you.
You closely miss the giant cockroach.
The jackal bites you but does no damage.
The giant cockroach barely misses you.
You hit the giant cockroach but do no damage.
The jackal bites you.
* * * LOW HITPOINT WARNING * * *
The giant cockroach closely misses you. The jackal barely misses you.
The giant cockroach bites you but does no damage.
The giant cockroach bites you.
* * * LOW HITPOINT WARNING * * *
The jackal bites you.
* * * LOW HITPOINT WARNING * * *
There is a fountain of clear blue water here.
The jackal bites you.
You die...

#.############....####.##########
#.#####....###....####..# ###
#.....)...............#.# #.#
...................##.#.## ##'#
...................##.#..# #...
..###+#######'###..##.##.## #...
..#..⌠...>...⌠..#..##.##..####...
..#......<.....s#................
#.+⌠....###...hh@...........###.#
#.#......h.s.hh.#..#######..# #..
#.#######J#######..# #..# #..
#.#......J..h.. #..# ##.# #..
#.#.........h[..#.## ######.###..
#.#.............#.# #...##......
#.###############.# #...........
#.................####....#.#####
####.#####.#.........'...........


You could see an ooze, 5 jackals and 2 giant cockroaches.

Vanquished Creatures
  A gnoll (D:1)
  An ooze (D:1)
  2 dart slugs (D:1)
  2 leopard geckos (D:1)
  2 bats (D:1)
  3 giant cockroaches (D:1)
  A hobgoblin (D:1)
  2 jackals (D:1)
  5 kobolds (D:1)
  2 goblins (D:1)
  3 rats (D:1)
24 creatures vanquished.

Vanquished Creatures (others)
  A plant (D:1)
1 creature vanquished.

Grand Total: 25 creatures vanquished

Notes
Turn   | Place    | Note
-------+----------+-------------------------------------------
     0 | D:1      | pokeman the Deep Elf Wizard began the quest for the Orb.
     0 | D:1      | Reached XP level 1. HP: 10/10 MP: 7/7
     1 | D:1      | Found a runed translucent door.
   225 | D:1      | Reached XP level 2. HP: 10/16 MP: 2/9
   556 | D:1      | Reached skill level 5 in Spellcasting
   671 | D:1      | Reached XP level 3. HP: 13/20 MP: 2/11
   677 | D:1      | Learned a level 3 spell: Mephitic Cloud
   680 | D:1      | Learned a level 2 spell: Call Imp
   683 | D:1      | Learned a level 2 spell: Blink
   687 | D:1      | Learned a level 3 spell: Conjure Flame
  1194 | D:1      | Slain by a jackal

Illustrated notes

Levels and vault maps discovered:
D:1:      dpeg_arrival_caged_fury, layout_basic, lexackson_kobold_supper

Skill      XL: |  1  2 |
---------------+-------+-----
Spellcasting   | 5 |  5.2
Fighting       | |  0.9
Armour         | |  0.9
Dodging        | |  2.4
Stealth        | |  2.4
Conjurations   | |  1.9
Summonings     | |  1.1
Translocations | |  1.1

Action                   || total
-------------------------++-------
Melee: Unarmed           ||     6
       Spear             ||    21
 Cast: Magic Dart        ||    70
       Call Imp          ||     2
  Eat: Chunk             ||     1
Armor: Robe              ||     2
       Leather armour    ||    14
Dodge: Dodged            ||    37
